 Dungeon Crawl Stone Soup version 0.22-a0-126-g307c7c3 (webtiles) character file.

56018 varam the Destroyer (level 14, -1/86 HPs)
             Began as a Gargoyle Fire Elementalist on Jan 30, 2018.
             Was a High Priest of Vehumet.
             Slain by Donald
             ... wielding a +0 scimitar
              (15 damage)
             ... on level 12 of the Dungeon.
             The game lasted 01:58:01 (25135 turns).

varam the Destroyer (Gargoyle Fire Elementalist)   Turns: 25135, Time: 01:58:02

Health: -1/86      AC: 19    Str: 13    XL:     14   Next: 79%
Magic:  6/26       EV: 18    Int: 18    God:    Vehumet [*****.]
Gold:   1551       SH:  5    Dex: 14    Spells: 6/29 levels left

rFire    . . .     SeeInvis .   d - +6 rapier of the Boiling Point {flame, rElec rPois rF- Dex+2}
rCold    + . .     Gourm    +   F - +0 buckler
rNeg     + . .     Faith    .   r - +1 leather armour {rC+}
rPois    ∞         Spirit   .   Y - +0 helmet
rElec    +         Reflect  .   i - scarf {repulsion}
rCorr    .         Harm     .   t - +0 pair of gloves
MR       +....                  I - +0 pair of boots
Stlth    ++........             O - amulet of the gourmand
HPRegen  0.24/turn              n - +2 ring of evasion
MPRegen  0.20/turn              y - ring of protection from fire

@: about to teleport, flying, repel missiles
A: big wings, negative energy resistance 1, electricity resistance, unbreathing,
petrification resistance, rot immunity, AC +10
a: Stop Flying, Renounce Religion


You were on level 12 of the Dungeon.
You worshipped Vehumet.
Vehumet was extremely pleased with you.
You were very full.

You visited 4 branches of the dungeon, and saw 22 of its levels.

You collected 1551 gold pieces.

Inventory:

Hand Weapons
 d - the +6 rapier of the Boiling Point (weapon) {flame, rElec rPois rF- Dex+2}
   (You found it on level 5 of the Dungeon)

   It has been specially enchanted to burn those struck by it, causing extra
   injury to most foes and up to half again as much damage against particularly
   susceptible opponents.
   It affects your dexterity (+2).
   It makes you vulnerable to fire.
   It insulates you from electricity.
   It protects you from poison.
Missiles
 l - 5 throwing nets (quivered)
Armour
 i - a scarf of repulsion (worn)
 r - a +1 leather armour of cold resistance (worn)
 t - a +0 pair of gloves (worn)
 F - a +0 buckler (worn)
 I - a +0 pair of boots (worn)
 K - the +7 ring mail "Qieklex" {rPois}
   (You found it on level 9 of the Dungeon)

   It protects you from poison.
 X - a +3 leather armour
 Y - a +0 helmet (worn)
Jewellery
 n - a +2 ring of evasion (left hand)
 y - a ring of protection from fire (right hand)
 M - an uncursed ring of wizardry
 O - an amulet of the gourmand (around neck)
 S - an uncursed ring of protection from magic
Wands
 o - a wand of digging (74)
 D - a wand of iceblast (13)
 J - a wand of paralysis (19)
 T - a wand of clouds (3)
Scrolls
 e - a scroll of summoning {unknown}
 f - 3 scrolls of noise
 g - 8 scrolls of remove curse
 j - 2 scrolls of magic mapping
 x - 6 scrolls of blinking
 B - a scroll of vulnerability {unknown}
 H - 8 scrolls of teleportation
 Q - a scroll of random uselessness {unknown}
 R - a scroll of fear {unknown}
 V - 2 scrolls of fog
Potions
 m - 2 potions of invisibility
 p - 2 potions of curing
 s - 3 potions of magic
 u - 4 potions of haste
 v - 3 potions of resistance
 w - a potion of cancellation {unknown}
 z - 4 potions of brilliance
 A - 4 potions of lignification
 C - 3 potions of heal wounds
 E - a potion of agility
 G - a potion of berserk rage
 L - a potion of mutation {unknown}
 P - 4 potions of degeneration {unknown}
Books
 a - a book of Conjurations

   Spells                             Type                      Level
   a - Magic Dart                     Conjuration                  1
   b - Searing Ray                    Conjuration                  2
   c - Dazzling Spray                 Conjuration/Hexes            3
   d - Fulminant Prism                Conjuration/Hexes            4
   e - Force Lance                    Conjuration/Translocation    4
   f - Iskenderun's Mystic Blast      Conjuration                  4
 h - a book of Geomancy

   Spells                             Type                      Level
   a - Sandblast                      Earth                        1
   b - Passwall                       Transmutation/Earth          2
   c - Stone Arrow                    Conjuration/Earth            3
   d - Petrify                        Transmutation/Earth          4
   e - Lee's Rapid Deconstruction     Earth                        5
 k - a book of Fire

   Spells                             Type                      Level
   a - Ignite Poison                  Fire/Transmutation/Poison    3
   b - Fireball                       Conjuration/Fire             5
   c - Bolt of Fire                   Conjuration/Fire             6
   d - Ring of Flames                 Charms/Fire                  7
   e - Ignition                       Fire                         8
 Z - a book of Beasts

   Spells                             Type                      Level
   a - Summon Butterflies             Summoning                    1
   b - Call Canine Familiar           Summoning                    3
   c - Summon Ice Beast               Ice/Summoning                4
   d - Summon Mana Viper              Hexes/Summoning              5
   e - Summon Hydra                   Summoning                    7
Miscellaneous
 U - a phantom mirror
Comestibles
 b - 4 chunks of flesh
 c - 39 rations


   Skills:
 + Level 9.2 Fighting
 + Level 6.3 Short Blades
 + Level 8.4 Armour
 + Level 7.2 Dodging
 - Level 3.6 Stealth
 - Level 4.1 Shields
 + Level 8.0 Spellcasting
 * Level 14.1 Conjurations
 - Level 0.3 Summonings
 + Level 10.2 Fire Magic
 + Level 8.9 Earth Magic


You had 6 spell levels left.
You knew the following spells:

 Your Spells              Type           Power        Failure   Level  Hunger
a - Mephitic Cloud        Conj/Pois/Air  ###.....     1%          3    #......
b - Throw Flame           Conj/Fire      ######       1%          2    None
c - Conjure Flame         Conj/Fire      ######..     1%          3    #......
d - Lee's Rapid Deconstr  Erth           #####.....   2%          5    #####..
e - Summon Butterflies    Summ           #.......     11%         1    None
f - Sticky Flame          Conj/Fire      ######..     1%          4    ###....
z - Fireball              Conj/Fire      ######....   1%          5    #####..


Dungeon Overview and Level Annotations

Branches:
Dungeon (13/15)            Temple (1/1) D:7            Lair (6/6) D:10
  Swamp (0/4) Lair:2       Spider (0/4) Lair:4        Slime (0/5) Lair:6
    Orc (2/2) D:12
    Elf: Orc:2       Vaults: D:13-14

Altars:
Ashenzari
Cheibriados
Dithmenos
Elyvilon
Fedhas
Gozag
Hepliaklqana
Kikubaaqudgha
Makhleb
Nemelex Xobeh
Okawaru
Qazlal
Ru
Sif Muna
Trog
Uskayaw
Vehumet
Wu Jian
Xom
Yredelemnul
Zin
The Shining One

Shops:
D:4 (   D:7 }   D:12 *   Orc:2 (

Annotations:
D:5 emikaela's ghost, novice GnCK
D:12 Donald


Innate Abilities, Weirdness & Mutations

You are resistant to torment.
Your stone body is resilient. (AC +10)
You are immune to poison.
Your large and strong wings let you fly indefinitely.
You resist negative energy. (rN+)
You are resistant to electric shocks. (rElec)
You can survive without breathing.
You are immune to petrification.
You are immune to rotting.


Message History

Confirm with . or Enter, or press ? or * to list all spells.
Aiming: Sticky Flame (safe; 1% risk of failure)
Press: ? - help, Shift-Dir - straight line, f - Donald
Aim: Donald, wielding a scimitar, wearing a chain mail and wearing a glowing shield (moderately wounded, fast, unusually strong)
The sticky flame hits Donald.
Donald is moderately wounded.
Donald is covered in liquid flames!
Donald burns!
Donald barely misses you. x2
You hit Donald. You burn Donald.
Donald is heavily wounded.
Donald burns!
Donald says, "What kind of god gives you spells but not spellbooks?"
Donald hits you with a scimitar!! Donald blocks your attack.
Donald is heavily wounded.
Donald burns!
You block Donald's attack.
Donald burns!
Donald stops burning.
Donald hits you with a scimitar!!
* * * LOW HITPOINT WARNING * * *
As you read the scroll of teleportation, it crumbles to dust.
You feel strangely unstable. Donald hits you with a scimitar!
You die...

.)...........## # ...<..........#
## ..............## #.
...............# ##.
...............## ###..
#...............#### ##....
#...............#.># ##...÷.
#...............@.## ##......
................@## ###..#....
..................# ####...#.....
..................###............
.......>.............####........
....................## ##....#'#
.......####.........# ##...'∩'
......## ###.......# #...#'#
......# #####......# #......
.....## ##.###......# ##.....


You could see Donald.

Vanquished Creatures
  An orc warlord (Orc:1)
  Nessos (Lair:5)
  Harold (D:12)
  Erolcha (D:9)
  2 hydras
  3 catoblepae (Lair:6)
  Erica (D:8)
  5 two-headed ogres
  6 death yaks
  The ghost of ThereIsNoGod the Stinger, a novice DsVM of Gozag (D:9)
  2 unseen horrors
  An orc knight (Orc:1)
  An ugly thing (D:11)
  An orc sorcerer (Orc:1)
  2 manticores (Lair:6)
  A cyclops (D:12)
  7 black mambas
  Psyche (D:8)
  11 spiny frogs
  6 komodo dragons
  6 trolls
  2 jumping spiders
  A polar bear (Lair:5)
  3 hornets
  6 dream sheep (Lair:4)
  9 hippogriffs
  5 blink frogs (Lair:1)
  5 redbacks
  68 yaks
  A human (D:7)
  2 basilisks
  2 wyverns
  Grum (D:11)
  4 hogs (D:7)
  2 hungry ghosts
  4 wargs
  Edmund (D:6)
  6 porcupines
  11 water moccasins
  Duvessa (D:5)
  3 sky beasts
  3 ice beasts
  An eye of draining (D:11)
  12 orc warriors
  3 black bears
  6 ogres
  2 phantoms
  3 centaurs
  2 necrophages
  28 wolves
  9 crocodiles
  2 big kobolds (D:11)
  14 bullfrogs
  A water moccasin zombie (D:7)
  Dowan (D:5)
  4 scorpions
  2 wyvern skeletons
  A water moccasin skeleton (D:5)
  4 killer bees (D:11)
  4 wights (D:6)
  3 howler monkeys
  2 electric eels
  12 crimson imps
  A bullfrog zombie (D:9)
  6 hounds
  A quasit (D:9)
  6 jellies
  7 orc priests
  A bullfrog skeleton (D:5)
  20 orc wizards
  A centaur skeleton (D:4)
  3 iguanas
  11 worker ants
  A hound skeleton (D:5)
  A howler monkey zombie (D:5)
  A worker ant zombie (D:9)
  8 gnolls
  11 adders
  3 shadow imps
  4 oozes
  An adder zombie (D:5)
  2 adder skeletons
  A dart slug (D:1)
  3 leopard geckos
  56 orcs
  A ball python (D:4)
  11 bats
  5 giant cockroaches
  10 goblins
  7 hobgoblins
  11 jackals
  A quokka (D:2)
  3 frilled lizards
  A jackal zombie (D:7)
  22 kobolds
  2 leopard gecko skeletons (D:5)
  A leopard gecko zombie (D:7)
  A quokka skeleton (D:7)
  5 rats
  A fungus (Lair:4)
  2 plants (Lair:3)
550 creatures vanquished.

Vanquished Creatures (collateral kills)
  A redback (Lair:4)
1 creature vanquished.

Vanquished Creatures (others)
  A yak (Lair:6)
  12 fungi
  12 plants
25 creatures vanquished.

Grand Total: 576 creatures vanquished

Notes
Turn   | Place    | Note
-------+----------+-------------------------------------------
     0 | D:1      | varam the Gargoyle Fire Elementalist began the quest for the Orb.
     0 | D:1      | Reached XP level 1. HP: 10/10 MP: 3/3
   154 | D:1      | Reached XP level 2. HP: 15/15 MP: 0/5
   175 | D:1      | Reached skill level 2 in Conjurations
   430 | D:1      | Reached XP level 3. HP: 16/19 MP: 0/6
   840 | D:1      | Reached skill level 3 in Conjurations
  1114 | D:2      | Learned a level 2 spell: Throw Flame
  1118 | D:2      | Learned a level 3 spell: Conjure Flame
  1238 | D:2      | Found a faded altar of an unknown god.
  1573 | D:2      | Reached XP level 4. HP: 22/24 MP: 1/7
  1925 | D:3      | Reached skill level 4 in Conjurations
  2385 | D:3      | Reached XP level 5. HP: 28/28 MP: 8/8
  2559 | D:3      | Reached skill level 4 in Fire Magic
  2823 | D:4      | Found a snail-covered altar of Cheibriados.
  2823 | D:4      | Found a bloodstained altar of Trog.
  2907 | D:4      | Reached skill level 5 in Conjurations
  3095 | D:4      | Noticed an ogre
  3106 | D:5      | Entered Level 5 of the Dungeon
  3372 | D:5      | Got an ancient rapier
  3373 | D:5      | Identified the +6 rapier of the Boiling Point {flame, rElec rPois rF- Dex+2} (You found it on level 5 of the Dungeon)
  3400 | D:5      | Noticed Duvessa
  3408 | D:5      | Noticed emikaela's ghost (novice GnCK)
  3422 | D:6      | Noticed a sky beast
  3443 | D:6      | Killed a sky beast
  3443 | D:6      | Reached XP level 6. HP: 26/32 MP: 3/9
  3484 | D:6      | Reached skill level 6 in Conjurations
  3507 | D:6      | Reached skill level 5 in Fire Magic
  3507 | D:6      | Reached XP level 7. HP: 12/36 MP: 8/10
  3664 | D:5      | Found a glowing golden altar of the Shining One.
  3729 | D:4      | Found Lusoy's Antique Weapon Emporium.
  4078 | D:4      | Reached skill level 7 in Conjurations
  4354 | D:5      | Reached skill level 1 in Fighting
  4354 | D:5      | Reached skill level 1 in Armour
  4456 | D:5      | Reached skill level 1 in Short Blades
  4645 | D:5      | Reached skill level 2 in Dodging
  4645 | D:5      | Reached XP level 8. HP: 43/43 MP: 11/11
  4695 | D:5      | Killed Duvessa
  4696 | D:5      | Noticed Dowan
  4704 | D:5      | Killed Dowan
  4818 | D:6      | Reached skill level 2 in Armour
  4854 | D:7      | Reached skill level 2 in Fighting
  5019 | D:7      | Found Imninoil's Gadget Boutique.
  5033 | D:7      | HP: 3/44 [ogre/giant club (14)]
  5056 | D:7      | Reached skill level 2 in Short Blades
  5366 | D:7      | Found a staircase to the Ecumenical Temple.
  5414 | Temple   | Entered the Ecumenical Temple
  5515 | Temple   | Became a worshipper of Vehumet
  5609 | D:7      | Reached skill level 3 in Spellcasting
  5662 | D:6      | Reached skill level 8 in Conjurations
  5702 | D:6      | Reached XP level 9. HP: 38/49 MP: 1/13
  5754 | D:6      | Reached skill level 3 in Armour
  5813 | D:6      | Reached skill level 3 in Fighting
  5897 | D:6      | Reached skill level 6 in Fire Magic
  6237 | D:6      | Reached skill level 3 in Dodging
  6449 | D:6      | Reached * piety under Vehumet
  6449 | D:6      | Offered knowledge of Sandblast by Vehumet.
  6456 | D:6      | Learned a level 5 spell: Fireball
  6504 | D:6      | Noticed Edmund
  6517 | D:6      | Killed Edmund
  7020 | D:7      | Reached skill level 3 in Short Blades
  7035 | D:7      | Reached skill level 9 in Conjurations
  7039 | D:7      | Reached skill level 4 in Armour
  7270 | D:7      | Reached skill level 4 in Spellcasting
  7330 | D:7      | Reached skill level 4 in Fighting
  7874 | D:8      | Learned a level 1 spell: Sandblast
  7928 | D:8      | Found a stormy altar of Qazlal.
  7928 | D:8      | Noticed Psyche
  8186 | D:8      | Found a blossoming altar of Fedhas.
  8193 | D:8      | Reached skill level 1 in Shields
  8232 | D:8      | Reached XP level 10. HP: 48/57 MP: 14/16
  8289 | D:8      | Reached skill level 1 in Earth Magic
  8360 | D:9      | Noticed Erolcha
  8396 | D:8      | Noticed Erica
  8758 | D:8      | Killed Psyche
  8790 | D:8      | Killed Erica
  8790 | D:8      | Reached skill level 2 in Shields
  8790 | D:8      | Reached skill level 7 in Fire Magic
  8790 | D:8      | Reached skill level 2 in Earth Magic
  8956 | D:9      | Reached skill level 4 in Dodging
  8983 | D:9      | Noticed ThereIsNoGod's ghost (novice DsVM)
  9156 | D:9      | Killed ThereIsNoGod's ghost
  9156 | D:9      | Reached skill level 5 in Fighting
  9156 | D:9      | Reached skill level 10 in Conjurations
  9168 | D:9      | Got a slimy ring mail
  9290 | D:9      | Reached skill level 3 in Earth Magic
  9291 | D:9      | Reached skill level 3 in Shields
  9343 | D:9      | Noticed a two-headed ogre
  9351 | D:9      | Killed a two-headed ogre
  9351 | D:9      | Reached ** piety under Vehumet
  9364 | D:10     | Entered Level 10 of the Dungeon
  9372 | D:10     | Offered knowledge of Throw Frost by Vehumet.
  9403 | D:10     | Reached XP level 11. HP: 35/64 MP: 13/18
  9504 | D:8      | Reached skill level 5 in Spellcasting
  9641 | D:9      | Reached skill level 4 in Shields
  9835 | D:9      | Killed Erolcha
 10161 | D:9      | Got a bloodstained hand axe
 10162 | D:9      | Identified the +12 hand axe of Opsah {venom, Str+5} (You found it on level 9 of the Dungeon)
 10287 | D:10     | Reached skill level 4 in Earth Magic
 10423 | D:10     | Found a staircase to the Lair.
 10450 | D:10     | Noticed a two-headed ogre
 10791 | D:10     | Learned a level 4 spell: Sticky Flame
 10916 | D:10     | Reached skill level 3 in Stealth
 10925 | D:10     | Noticed a two-headed ogre
 10947 | D:10     | Killed a two-headed ogre
 10947 | D:10     | Reached skill level 8 in Fire Magic
 11240 | D:10     | Offered knowledge of Mephitic Cloud by Vehumet.
 11246 | D:10     | Learned a level 3 spell: Mephitic Cloud
 11322 | D:11     | Reached skill level 6 in Fighting
 11330 | D:11     | Reached skill level 11 in Conjurations
 11381 | D:10     | Killed a two-headed ogre
 11546 | D:10     | Identified the +7 ring mail "Qieklex" {rPois} (You found it on level 9 of the Dungeon)
 11698 | Lair:1   | Entered Level 1 of the Lair of Beasts
 11775 | Lair:1   | Reached *** piety under Vehumet
 11775 | Lair:1   | Reached skill level 5 in Dodging
 11850 | Lair:1   | Reached skill level 5 in Armour
 11914 | Lair:1   | Reached skill level 5 in Earth Magic
 12062 | Lair:1   | Reached XP level 12. HP: 71/71 MP: 5/20
 12088 | Lair:1   | Offered knowledge of Olgreb's Toxic Radiance by Vehumet.
 12622 | Lair:2   | Reached skill level 6 in Spellcasting
 12917 | Lair:2   | Found a staircase to the Swamp.
 13661 | Lair:2   | Reached skill level 7 in Fighting
 13824 | Lair:3   | Reached **** piety under Vehumet
 13961 | Lair:3   | Reached skill level 12 in Conjurations
 13980 | Lair:3   | Reached skill level 6 in Earth Magic
 13980 | Lair:3   | Offered knowledge of Lee's Rapid Deconstruction by Vehumet.
 13980 | Lair:3   | Reached skill level 6 in Armour
 13981 | Lair:3   | Reached skill level 4 in Short Blades
 14039 | Lair:3   | Learned a level 5 spell: Lee's Rapid Deconstruction
 14495 | Lair:3   | Noticed a five-headed hydra
 14591 | Lair:3   | Killed a five-headed hydra
 15110 | Lair:3   | Reached skill level 9 in Fire Magic
 15128 | Lair:4   | Got a sapphire short sword
 15129 | Lair:4   | Identified the cursed +0 short sword "Gasawn" {elec, Dex+3} (You found it on level 4 of the Lair of Beasts)
 15133 | Lair:4   | Found a hole to the Spider Nest.
 15426 | Lair:4   | Reached XP level 13. HP: 57/76 MP: 3/22
 15737 | Lair:4   | Reached skill level 6 in Dodging
 16590 | Lair:6   | Entered Level 6 of the Lair of Beasts
 16633 | Lair:5   | Reached skill level 7 in Earth Magic
 17113 | Lair:5   | Reached skill level 8 in Fighting
 17117 | Lair:5   | Reached skill level 5 in Short Blades
 17383 | Lair:5   | Reached skill level 7 in Armour
 17486 | Lair:5   | Reached ***** piety under Vehumet
 17486 | Lair:5   | Reached skill level 7 in Spellcasting
 17528 | Lair:5   | Noticed Nessos
 17584 | Lair:5   | Killed Nessos
 17980 | Lair:5   | Reached skill level 13 in Conjurations
 18174 | Lair:6   | Found a staircase to the Slime Pits.
 18252 | Lair:5   | Offered knowledge of Iskenderun's Mystic Blast by Vehumet.
 19520 | Lair:6   | Gained mutation: Your large and strong wings let you fly indefinitely. [Gargoyle growth]
 19520 | Lair:6   | Reached XP level 14. HP: 54/84 MP: 16/25
 19666 | Lair:6   | Reached skill level 8 in Earth Magic
 20891 | Lair:6   | Reached skill level 10 in Fire Magic
 20923 | Lair:6   | Learned a level 1 spell: Summon Butterflies
 21296 | D:11     | Reached skill level 8 in Armour
 21325 | D:11     | Noticed Grum
 21333 | D:11     | Offered knowledge of Fulminant Prism by Vehumet.
 21343 | D:11     | Killed Grum
 21343 | D:11     | Reached skill level 6 in Short Blades
 21490 | D:11     | Found a sacrificial altar of Ru.
 21931 | D:11     | Reached skill level 7 in Dodging
 21985 | D:12     | Reached skill level 9 in Fighting
 21986 | D:12     | Noticed Harold
 21998 | D:12     | Killed Harold
 22822 | D:12     | Found a staircase to the Orcish Mines.
 22982 | D:12     | Found Yparhun's General Store.
 23258 | D:12     | Reached skill level 14 in Conjurations
 23769 | Orc:1    | Entered Level 1 of the Orcish Mines
 23849 | Orc:1    | Noticed an orc warlord
 23909 | Orc:1    | Killed an orc warlord
 23909 | Orc:1    | Reached skill level 8 in Spellcasting
 24936 | Orc:1    | Found a bloodstained altar of Trog.
 25070 | Orc:2    | Entered Level 2 of the Orcish Mines
 25070 | Orc:2    | Found Jamumell's Weapon Emporium.
 25078 | Orc:2    | Noticed Donald
 25135 | D:12     | Slain by Donald

Vault maps used:
D:1:      roderic_dead_forest, feat_on_display
D:2:      chequers_ecumenical_altar_simple_redux
D:4:      gammafunk_temple_overflow_statue, first_ration, serial_shops, shop
D:5:      lemuel_crystal_altar, uniq_duvessa
D:6:      uniq_edmund
D:7:      minmay_temple_entry_statues_pillars, serial_shops, shop,
          grunt_livestock, kennysheep_pointless_box
D:8:      grunt_qazlal_clouds, fedhas_altar_3, uniq_psyche, uniq_erica
D:9:      uniq_erolcha
D:10:     erik_lair_orcish_takeover
D:11:     nicolae_ru_sacrificial_ziggurat, uniq_grum
D:12:     orc_0_dummy, serial_shops, nicolae_shop_behind_doors,
          grunt_decor_arrowhead, minmay_nine_imps, uniq_harold
D:13:     erik_vaults_1
Temple:   minmay_crystal_spiral_temple
Lair:2:   swamp_mist_pool, serial_bayou_shore_b
Lair:3:   serial_bayou_shore_a, serial_bayou_shore_b, grunt_megastairs_2
Lair:4:   nicolae_spider_entry_tight_spaces, columned_hall_lemuel
Lair:5:   infiniplex_staircase_pool, serial_bayou_shore_b, lemuel_fruit_tree,
          serial_bayou_shore_b, uniq_nessos
Lair:6:   evilmike_catoblepas_cave, nicolae_slime_entry_slimehenge,
          lemuel_fruit_fields
Orc:1:    trog_hazing_becter
Orc:2:    st_orc_town, serial_shops, shop_fountains, shop, nicolae_shop_stone,
          shop, chequers_guarded_unrand_ignorance, uniq_josephine, uniq_donald,
          uniq_maurice

Skill      XL: |  1  2  3  4  5  6  7  8  9 10 11 12 13 14 |
---------------+-------------------------------------------+-----
Conjurations   | 2 3 4 5 6 7 8 9 10 11 12 13 14 | 14.1
Fire Magic     | 4 5 6 7 8 9 10 | 10.2
Fighting       | 1 2 4 5 6 7 8 9 |  9.2
Armour         | 1 2 4 5 6 7 8 |  8.4
Short Blades   | 1 2 3 4 5 6 |  6.3
Dodging        | 2 3 4 5 6 7 |  7.2
Spellcasting   | 3 4 5 6 7 8 |  8.0
Shields        | 1 3 4 |  4.1
Earth Magic    | 3 5 6 7 8 |  8.9
Stealth        | 3 |  3.6
Summonings     | |  0.3

Action                   |  1- 3 |  4- 6 |  7- 9 | 10-12 | 13-15 || total
-------------------------+-------+-------+-------+-------+-------++-------
Melee: Club              |    18 |       |       |       |       ||    18
       Dagger            |    37 |    33 |     7 |       |       ||    77
       Staff             |       |     9 |       |       |       ||     9
       Rapier            |       |    18 |   244 |   522 |   763 ||  1547
       Short sword       |       |       |    11 |       |       ||    11
       Hand axe          |       |       |       |    24 |       ||    24
Throw: Stone             |     8 |       |     2 |       |       ||    10
 Cast: Flame Tongue      |    39 |    27 |    60 |    17 |       ||   143
       Conjure Flame     |     1 |       |    12 |     7 |     1 ||    21
       Throw Flame       |       |    11 |    31 |     9 |       ||    51
       Fireball          |       |       |     2 |    39 |    49 ||    90
       Sticky Flame      |       |       |       |    34 |   133 ||   167
       Mephitic Cloud    |       |       |       |    18 |    44 ||    62
       Lee's Rapid Decon |       |       |       |     7 |    31 ||    38
 Abil: Fly               |       |       |       |       |     1 ||     1
  Use: Scroll            |       |     1 |    11 |     9 |     6 ||    27
       Potion            |       |       |       |       |     1 ||     1
 Stab: Sleeping          |     1 |     4 |     3 |     3 |     4 ||    15
       Distracted        |       |       |     1 |       |     1 ||     2
       Confused          |       |       |       |     9 |     8 ||    17
  Eat: Chunk             |     3 |     5 |    14 |    51 |    79 ||   152
       Ration            |       |     1 |     1 |     2 |       ||     4
Armor: Robe              |    39 |    18 |    81 |   124 |       ||   262
       Ring mail         |       |       |       |   155 |   473 ||   628
       Leather armour    |       |       |       |       |    63 ||    63
Dodge: Dodged            |    46 |    46 |   180 |   401 |   548 ||  1221
       Deflected         |       |       |       |       |    10 ||    10
Block: Buckler           |       |       |       |   117 |   182 ||   299

Table legend:
 A = Spawn XP
 B = Non-spawn XP
 C = Spawn XP percentage of total XP
 D = Spawn monster count
 E = Non-spawn monster count
 F = Spawn count percentage of total count
 G = Total turns spent on level
                    A         B        C        D         E        F      G
               +---------+---------+-------+---------+---------+-------+---------
         Total |       0 |   80027 |   0.0 |       0 |     548 |   0.0 | 25135
               +---------+---------+-------+---------+---------+-------+---------
           D:1 |       0 |      54 |   0.0 |       0 |      27 |   0.0 |  1015
           D:2 |       0 |      47 |   0.0 |       0 |      16 |   0.0 |   781
           D:3 |       0 |      73 |   0.0 |       0 |      20 |   0.0 |  1044
           D:4 |       0 |     327 |   0.0 |       0 |      10 |   0.0 |   875
           D:5 |       0 |     525 |   0.0 |       0 |      14 |   0.0 |   819
           D:6 |       0 |    1531 |   0.0 |       0 |      33 |   0.0 |  1396
           D:7 |       0 |    1813 |   0.0 |       0 |      26 |   0.0 |  2016
           D:8 |       0 |    2202 |   0.0 |       0 |      12 |   0.0 |   958
           D:9 |       0 |    4807 |   0.0 |       0 |      30 |   0.0 |  1664
          D:10 |       0 |    3366 |   0.0 |       0 |      33 |   0.0 |   908
          D:11 |       0 |    6084 |   0.0 |       0 |      40 |   0.0 |  1245
          D:12 |       0 |    5498 |   0.0 |       0 |      44 |   0.0 |  1547
        Lair:1 |       0 |    6530 |   0.0 |       0 |      34 |   0.0 |  1031
        Lair:2 |       0 |    2874 |   0.0 |       0 |      17 |   0.0 |  1232
        Lair:3 |       0 |    5034 |   0.0 |       0 |      22 |   0.0 |  1244
        Lair:4 |       0 |    6130 |   0.0 |       0 |      29 |   0.0 |  1307
        Lair:5 |       0 |   11763 |   0.0 |       0 |      42 |   0.0 |  1980
        Lair:6 |       0 |   15756 |   0.0 |       0 |      48 |   0.0 |  2760
         Orc:1 |       0 |    5498 |   0.0 |       0 |      49 |   0.0 |  1109
         Orc:2 |       0 |     115 |   0.0 |       0 |       2 |   0.0 |    19
               +---------+---------+-------+---------+---------+-------+---------
